 Dungeon Crawl Stone Soup version 0.19.1-1-g22dce08 (console) character file.

72 Grinner the Slasher (level 4, 0/39 HPs)
             Began as a Minotaur Monk on Jan 18, 2017.
             Slain by Grinder (9 damage)
             ... on level 3 of the Dungeon.
             The game lasted 00:03:28 (1623 turns).

Grinner the Slasher (Minotaur Monk)                 Turns: 1623, Time: 00:03:28

Health: 0/39       AC:  2    Str: 15    XL:     4   Next: 6%
Magic:  3/3        EV: 14    Int:  7    God:
Gold:   104        SH:  0    Dex: 14    Spells: 0 memorised, 3 levels left

rFire  . . .     SeeInvis .     a - +0 falchion
rCold  . . .     Gourm    .     b - +0 robe
rNeg   . . .     Faith    .     (no shield)
rPois  .         Spirit   .     (helmet restricted)
rElec  .         Reflect  .     (no cloak)
rCorr  .         Harm     .     (no gloves)
MR     .....                    (no boots)
Stlth  ++........               (no amulet)
                                (no ring)
                                (no ring)

@: no status effects
A: retaliatory headbutt, horns 2
a: no special abilities


You were on level 3 of the Dungeon.
You were not hungry.

You visited 1 branch of the dungeon, and saw 3 of its levels.

You collected 104 gold pieces.

Inventory:

Hand Weapons
 a - a +0 falchion (weapon)
Armour
 b - a +0 robe (worn)
Wands
 t - a wand of random effects (8/48)
Scrolls
 d - a scroll of teleportation {unknown}
 e - a scroll of magic mapping {unknown}
 g - 3 scrolls of identify {unknown}
 h - a scroll of immolation {unknown}
 j - a scroll of remove curse {unknown}
 l - 2 scrolls of amnesia {unknown}
 r - a scroll of fog {unknown}
 u - a scroll of recharging {unknown}
Potions
 f - a potion of lignification {unknown}
 i - a potion of magic {unknown}
 k - 2 potions of haste {unknown}
 n - a potion of curing {unknown}
 o - 2 potions of agility {unknown}
 q - a potion of cure mutation {unknown}
Comestibles
 c - a bread ration
 m - 5 fruits
 p - a beef jerky
 s - 2 chunks of flesh


   Skills:
 - Level 3.6 Fighting
 * Level 5.1 Long Blades
 * Level 4.3 Dodging
 - Level 1.5 Stealth
 + Level 0.0 Evocations


You had 3 spell levels left.
You didn't know any spells.

Dungeon Overview and Level Annotations

Branches:
Dungeon (3/15)

Altars:
Dithmenos

Annotations:
D:3 Grinder


Innate Abilities, Weirdness & Mutations

You reflexively headbutt those who attack you in melee.
You have a pair of horns on your head.


Message History

Nothing appears to happen.
Evoking this partially-identified wand wasted a few charges.
A goblin comes into view. It is wielding a club.
The goblin shouts!
Evoke which item? (* to show all) (? for menu, Esc to quit)
That item cannot be evoked!
Unknown command.
Evoke which item? (* to show all) (? for menu, Esc to quit)
Zapping:
t - a wand of random effects {zapped: 10} (will waste charges)
Press: ? - help, Shift-Dir - straight line, f - goblin
Aim: a goblin, wielding a club Nothing appears to happen.
Evoking this partially-identified wand wasted a few charges.
Something tries to affect you, but you resist.
You hit something but do no damage. Something barely misses you.
You hit something but do no damage. Something hits you!
You writhe in agony.
You miss something. You headbutt something. Pain shoots through your body!
* * * LOW HITPOINT WARNING * * *
You hit something but do no damage. You headbutt something! Something hits you!
You die...

.. ##.##
# #...#
.# ...#
.##
..#...
#.###.#.#
#[...g..#
#####{###
#@#
####.###
#......#
#.##.#<#
# #.#.#
#....
###.##
#.# ..#


You could see a goblin.

Vanquished Creatures
  An adder (D:2)
  2 worms (D:2)
  4 bats
  4 giant cockroaches
  7 goblins
  6 hobgoblins
  6 jackals (D:1)
  A quokka (D:2)
  3 frilled lizards (D:2)
  10 kobolds
  8 rats
52 creatures vanquished.

Notes
Turn   | Place    | Note
-------+----------+-------------------------------------------
     0 | D:1      | Grinner the Minotaur Monk began the quest for the Orb.
     0 | D:1      | Reached XP level 1. HP: 19/19 MP: 0/0
    64 | D:1      | Reached skill level 4 in Long Blades
    92 | D:1      | Reached XP level 2. HP: 26/26 MP: 1/1
   611 | D:1      | Reached XP level 3. HP: 31/31 MP: 2/2
  1318 | D:2      | Found a shadowy altar of Dithmenos.
  1407 | D:2      | Reached skill level 5 in Long Blades
  1452 | D:2      | Reached XP level 4. HP: 32/39 MP: 3/3
  1608 | D:3      | Noticed Grinder
  1623 | D:3      | Slain by Grinder

Skill      XL: |  1  2  3 |
---------------+----------+-----
Long Blades    | 4 5 |  5.1
Dodging        | 4 |  4.3
Fighting       | |  3.6
Stealth        | |  1.5

Action                   |  1- 3 |  4- 6 || total
-------------------------+-------+-------++-------
Melee: Falchion          |    82 |    15 ||    97
       Headbutt          |    22 |     2 ||    24
Evoke: Wand              |       |     5 ||     5
 Stab: Sleeping          |     5 |       ||     5
  Eat: Chunk             |     2 |       ||     2
Armor: Robe              |    12 |     2 ||    14
Dodge: Dodged            |    60 |     7 ||    67
       Rpst.: Falchion   |    16 |     2 ||    18
